 Dungeon Crawl Stone Soup version 0.31-a0-984-gbfb7dba898 (webtiles) character file.

Game seed: 3384922826058767589

69 BinkBink the Shield-Bearer (level 4, -1/37 HPs)
             Began as a Formicid Fighter on Nov 3, 2023.
             Slain by a goblin
             ... wielding a +0 dagger
             ... led by Robin
              (5 damage)
             ... on level 4 of the Dungeon.
             The game lasted 00:02:04 (2264 turns).

BinkBink the Shield-Bearer (Formicid Fighter)       Turns: 2264, Time: 00:02:04

Health: -1/37      AC:  8    Str: 21    XL:     4   Next: 42%
Magic:  4/4        EV: 10    Int:  7    God:
Gold:   138        SH:  5    Dex: 15    Spells: 3/3 levels left

rFire   . . .        a - +0 long sword
rCold   . . .        c - +0 buckler
rNeg    . . .        b - +0 scale mail
rPois   .            (helmet unavailable)
rElec   .            h - +0 cloak
rCorr   .            (no gloves)
SInv    +            (no boots)
Will    .....        (no amulet) Stlth
                     (no ring)
HPRegen 0.26/turn    (no ring)
MPRegen 0.09/turn

%: no passive effects
@: mighty
A: permanent stasis, dig shafts and tunnels, antennae 3, four strong arms
a: Dig, Shaft Self


You were on level 4 of the Dungeon.
You visited 1 branch of the dungeon, and saw 4 of its levels.

You collected 138 gold pieces.

Inventory:

Hand Weapons
 a - a +0 long sword (weapon)
Armour
 b - a +0 scale mail (worn)
 c - a +0 buckler (worn)
 h - a +0 cloak (worn)
Jewellery
 l - an amulet of guardian spirit
Scrolls
 e - a scroll of immolation {unknown}
 i - 2 scrolls of enchant weapon {unknown}
 j - a scroll of fear {unknown}
 k - 2 scrolls of poison {unknown}
 m - a scroll of teleportation {unknown}
 n - a scroll of vulnerability {unknown}
 o - a scroll of enchant armour {unknown}
Potions
 d - a potion of might
 f - 3 potions of curing
 g - 2 potions of attraction {unknown}
 p - a potion of heal wounds {unknown}


   Skills:
 + Level 3.7 Fighting
 + Level 2.4 Long Blades
 + Level 3.7 Armour
 + Level 1.0 Dodging
 * Level 5.0 Shields


You had 3 spell levels left.
You didn't know any spells.
Your spell library contained the following spells:

 Spells                   Type           Power      Damage    Failure   Level
 Cigotuvi's Dreadful Rot  Necr/Pois/Air  0%         N/A       92%         2
 Ignite Poison            Fire/Tmut/Pois 0%         N/A       99%         3
 Manifold Assault         Tloc           0%         N/A       100%        4
 Freezing Cloud           Conj/Ice/Air   0%         6-21      100%        5
 Blink                    Tloc           Unusable   N/A       N/A         2

Dungeon Overview and Level Annotations

Branches:
Dungeon (4/15)
 Temple: D:4-7

Altars:
Hepliaklqana
Trog

Annotations:
D:4 Robin


Innate Abilities, Weirdness & Mutations

You cannot be hasted, slowed, berserked, paralysed or teleported.
You can dig through walls and to a lower floor.
You have a pair of large antennae on your head. (SInv)
Your four strong arms can wield two-handed weapons with a shield.


Message History

* * * LOW HITPOINT WARNING * * *
You feel very sick. The goblin hits you but does no damage.
You are more poisoned.
You hit the goblin.
You kill the goblin!
* * * LOW HITPOINT WARNING * * *
You feel extremely sick. You block Robin's attack.
The goblin unwields a +0 club.
The goblin wields a +0 sling.
The goblin shoots a sling bullet.
You block the sling bullet. The goblin closely misses you.
Robin throws the goblin at you!
A goblin comes into view. It is wielding a +0 dagger.
It was a potion of curing.
You feel better. Robin hits you but does no damage.
The goblin barely misses you.
The goblin unwields a +0 sling.
The goblin wields a +0 club.
The goblin hits you with a +0 club.
* * * LOW HITPOINT WARNING * * *
Things that are here:
a +0 whip; 5 stones; a kobold corpse You closely miss the goblin.
The goblin hits you with a +0 club.
* * * LOW HITPOINT WARNING * * *
The goblin closely misses you. Robin throws the goblin at you!
A goblin comes into view.
It is wielding a +1 dagger of electrocution.
The goblin barely misses you.
You slice the goblin!!
You kill the goblin!
Robin throws the goblin at you! You block the goblin's attack.
A hobgoblin comes into view.
The goblin closely misses you.
You barely miss the goblin.
The hobgoblin shouts!
You hear a shout!
The goblin no longer looks unusually strong.
Robin roars a battlecry!
The goblin goes into a battle-frenzy!
A hobgoblin comes into view.
The goblin hits you but does no damage. The goblin hits you with a +0 club.
* * * LOW HITPOINT WARNING * * *
Robin hits you but does no damage. The goblin hits you with a +0 dagger.
You die...

#..####.........
#. ##..#...## #.
##.####..#
########..# #..
.. #.......##
... #######.##
..# #..# #..#
##.### #...#
#..g@###....#
#.##g.....# #..
###gg### #...
#...# #....
#{.g...# ...#..
#{.###g##
.#.......# .#
....{ ,# ..#..{


You could see Robin, 2 hobgoblins and 3 goblins.

Vanquished Creatures
  An adder (D:2)
  A dart slug (D:1)
  An orc (D:4)
  5 ball pythons
  3 bats
  5 endoplasms
  3 giant cockroaches
  4 goblins
  4 hobgoblins
  3 jackals (D:3)
  8 kobolds
  2 quokkas (D:1)
  2 frilled lizards (D:1)
  6 rats
48 creatures vanquished.

Notes
Turn   | Place    | Note
-------+----------+-------------------------------------------
     0 | D:1      | BinkBink the Formicid Fighter began the quest for the Orb.
     0 | D:1      | Reached XP level 1. HP: 18/18 MP: 1/1
   149 | D:1      | Reached XP level 2. HP: 23/24 MP: 2/2
   587 | D:1      | Reached XP level 3. HP: 29/29 MP: 3/3
   869 | D:2      | Found a bloodstained altar of Trog.
  1084 | D:2      | Reached XP level 4. HP: 28/37 MP: 4/4
  1670 | D:3      | Reached skill level 5 in Shields
  1819 | D:3      | Found a hazy altar of Hepliaklqana.
  2243 | D:4      | Reached skill level 1 in Dodging
  2250 | D:4      | Noticed Robin
  2264 | D:4      | Slain by a goblin

Illustrated notes

Levels and vault maps discovered:
D:1:      dpeg_arrival_stone_temple_mockup, layout_loops_ring
D:2:      layout_loops_ring, basic_altar, reono_crystal_passage
D:3:      layout_basic, mainiacjoe_overflow_concentric_impassable
D:4:      layout_layer_cave, kennysheep_mini, minmay_misc_feat_columns,
          uniq_robin

Skill      XL: |  1  2  3  4 |
---------------+-------------+-----
Shields        | 5 |  5.0
Dodging        | 1 |  1.0
Fighting       | |  3.7
Long Blades    | |  2.4
Armour         | |  3.7

Action                     |  1- 3 |  4- 6 || total
---------------------------+-------+-------++-------
  Melee: Long sword        |   107 |    53 ||   160
    Use: Potion            |       |     2 ||     2
 Armour: Scale mail        |    60 |    64 ||   124
  Dodge: Dodged            |    38 |    41 ||    79
  Block: Buckler           |    30 |    25 ||    55

Table legend: (Time is in decaauts)
 A = Elapsed time spent in this place.
 B = Non-inter-level travel time spent in this place.
 C = Inter-level travel time spent in this place.
 D = Time resting spent in this place.
 E = Time spent auto-exploring this place.
 F = Levels seen in this place.
 G = Mean time per level.
                   A        B        C        D        E       F      G
               +--------+--------+--------+--------+--------+-----+--------+
         Total |   2313 |   2208 |    105 |      0 |   1825 |   4 |  578.2 |
       Dungeon |   2313 |   2208 |    105 |      0 |   1825 |   4 |  578.2 |
               +--------+--------+--------+--------+--------+-----+--------+

Top non-repeatable levels by time:
     D:2: 827 daAuts
     D:1: 748 daAuts
     D:3: 677 daAuts
     D:4: 60 daAuts
